 Dungeon Crawl Stone Soup version 0.29-a0-375-g5102b3be25 (webtiles) character file.

Game seed: 10981810848952772042

5 spaghetti the Changer (level 1, -1/13 HPs)
             Began as a Gnoll Wanderer on May 3, 2022.
             Slain by a rat (3 damage)
             ... on level 1 of the Dungeon.
             The game lasted 00:01:14 (73 turns).

spaghetti the Changer (Gnoll Wanderer)                Turns: 73, Time: 00:01:15

Health: -1/13      AC:  2    Str: 10    XL:     1   Next: 80%
Magic:  4/4        EV: 12    Int: 12    God:
Gold:   0          SH:  0    Dex: 11    Spells: 4/5 levels left

rFire   . . .      SeeInvis .   (no weapon)
rCold   . . .      Faith    .   (no shield)
rNeg    . . .      Spirit   .   e - +0 robe
rPois   .          Reflect  .   (no helmet)
rElec   .          Harm     .   (no cloak)
rCorr   .          Rampage  .   (no gloves)
Will    .....                   (no boots)
Stlth   ++........              (no amulet)
HPRegen 0.04/turn               (no ring)
MPRegen 0.09/turn               (no ring)

@: no status effects
A: fangs 1, strong nose, distributed training
a: no special abilities


You were on level 1 of the Dungeon.
You visited 1 branch of the dungeon, and saw 1 of its levels.


Innate Abilities, Weirdness & Mutations

You have very sharp teeth.
Your uncanny sense of smell can sniff out nearby items.
Your experience applies equally to all skills.


   Skills:
 + Level 0.1 Fighting
 + Level 0.1 Short Blades
 + Level 0.1 Long Blades
 + Level 0.1 Axes
 + Level 0.1 Maces & Flails
 + Level 0.1 Polearms
 + Level 0.1 Staves
 + Level 0.1 Slings
 + Level 0.1 Bows
 + Level 4.4 Crossbows
 + Level 2.4 Throwing
 + Level 0.1 Armour
 + Level 2.4 Dodging
 + Level 2.2 Stealth
 + Level 0.1 Shields
 + Level 0.1 Unarmed Combat
 + Level 2.6 Spellcasting
 + Level 0.1 Conjurations
 + Level 0.1 Hexes
 + Level 0.1 Summonings
 + Level 0.1 Necromancy
 + Level 0.1 Translocations
 + Level 7.0 Transmutations
 + Level 0.1 Fire Magic
 + Level 0.1 Ice Magic
 + Level 0.1 Air Magic
 + Level 0.1 Earth Magic
 + Level 0.1 Poison Magic
 + Level 0.2 Invocations
 + Level 0.1 Evocations


You had 4 spell levels left.
You knew the following spells:

 Your Spells              Type           Power      Damage    Failure   Level
a - Sting                 Tmut/Pois      40%        1d5       6%          1

Your spell library contained the following spells:

 Spells                   Type           Power      Damage    Failure   Level
 Wereblood                Tmut           18%        N/A       2%          2
 Ignite Poison            Fire/Tmut/Pois 7%         N/A       28%         3

Inventory:

Hand Weapons
 a - a +0 hand crossbow {crossbow}
 c - a +0 dagger {short}
Missiles
 b - 18 poisoned darts (quivered) {throwing}
Armour
 e - a +0 robe (worn)
Jewellery
 g - an amulet of magic regeneration {@e2}
   (You found it on level 1 of the Dungeon)
Scrolls
 d - a scroll of fog

Dungeon Overview and Level Annotations

Branches:
Dungeon (1/15)

Altars:

###################
..................##†#
.....................#
......##.........##..###
......##.........##.....
#............##.@.......
#............##rrK......
........................
........................
.......<........##......
......>.........# ......
................. .....!
................ .....#
#............##


You could see a kobold and 2 rats.


Message History

The jackal barks!
The kobold shouts!
You shoot a bolt. The jackal barks!
The bolt hits the jackal.
You kill the jackal!
You shoot a bolt. The bolt closely misses the kobold.
You shoot a bolt. The bolt closely misses the jackal.
You shoot a bolt. The bolt closely misses the jackal.
A rat comes into view.
The jackal barely misses you. The jackal closely misses you.
The kobold misses you.
You shoot a bolt. The bolt hits the jackal.
The jackal misses you. The kobold hits you with a +0 whip.
You are too injured to fight recklessly!
You are too injured to fight recklessly!
You are too injured to fight recklessly!
You are too injured to fight recklessly! 😮 HP[-4]
You take 4 damage, and now have 9/13 hp.
MASSIVE DAMAGE!! (PAUSE)
You are now empty-handed.
The jackal closely misses you.
Casting: Sting (safe; 6% risk of failure)
Confirm with . or Enter, or press ? or * to list all spells.
Aiming: Sting (safe; 6% risk of failure)
Press: ? - help, Shift-Dir - straight line, f/p - jackal
Aim: a jackal (moderately wounded, 64% to hit)
Okay, then.
Really attack while wielding nothing? [Y]es or [N]o only, please.
Really attack while wielding nothing?
Okay, then.
Unknown command.
Okay, then.
Really attack while wielding nothing? [Y]es or [N]o only, please.
Really attack while wielding nothing?
You closely miss the jackal.
A rat comes into view.
The kobold hits you but does no damage. The jackal barely misses you.
You hit the jackal. The jackal closely misses you.
The kobold hits you with a +0 whip.
* * * LOW HITPOINT WARNING * * *
The jackal bites you.
* * * LOW HITPOINT WARNING * * *
😨 HP[-5]
You take 5 damage, and now have 4/13 hp.
MASSIVE DAMAGE!! (PAUSE) Unknown command.
It was a potion of heal wounds.
You feel much better. The kobold misses you. The jackal misses you. 😎 HP[+9]
Your hp is fully restored (13).
You closely miss the jackal. The jackal closely misses you.
The kobold barely misses you.
You closely miss the jackal. The jackal bites you.
The kobold hits you with a +0 whip. The jackal closely misses you. 😮 HP[-5]
You take 5 damage, and now have 8/13 hp.
MASSIVE DAMAGE!! (PAUSE) Unknown command.
You closely miss the jackal. The kobold hits you with a +0 whip.
* * * LOW HITPOINT WARNING * * *
The jackal bites you but does no damage. 😱 HP[-5]
You take 5 damage, and now have 3/13 hp.
MASSIVE DAMAGE!! (PAUSE) Unknown command.
Okay, then.
You feel much better. The jackal bites you.
The kobold hits you but does no damage. The jackal barely misses you. 😕 HP[+8]
You regained 8 hp, and now have 11/13 hp.
You closely miss the jackal. The rat bites you.
The kobold hits you but does no damage. The jackal bites you.
* * * LOW HITPOINT WARNING * * *
😨 HP[-6]
You take 6 damage, and now have 5/13 hp.
MASSIVE DAMAGE!! (PAUSE) Unknown command.
You hit the jackal.
You kill the jackal!
The rat completely misses you. The kobold barely misses you.
You closely miss the kobold. The rat closely misses you. The rat bites you.
* * * LOW HITPOINT WARNING * * *
The kobold hits you with a +0 whip.
* * * LOW HITPOINT WARNING * * *
😱 HP[-2]
You take 2 damage, and now have 3/13 hp.
Unknown command.
Unknown command.
You hit the kobold. The rat bites you but does no damage. The rat bites you.
* * * LOW HITPOINT WARNING * * *
The kobold closely misses you. 😱 HP[-2]
You take 2 damage, and now have 1/13 hp.
Unknown command.
Okay, then.
You aren't carrying any items that you can evoke.
You closely miss the kobold. The rat bites you.
You die...

Action                   || total
-------------------------++-------
Melee: Unarmed           ||    11
       Bite              ||     1
 Fire: Hand crossbow     ||     9
  Use: Potion            ||     2
Armor: Robe              ||     5
Dodge: Dodged            ||    17

Levels and vault maps discovered:
D:1:      dpeg_arrival_stonehenge_8_columns, layout_basic,
          basic_ecumenical_altar, minmay_gold_behind_fungi

Notes
Turn   | Place    | Note
-------+----------+-------------------------------------------
     0 | D:1      | spaghetti the Gnoll Wanderer began the quest for the Orb.
     0 | D:1      | spaghetti set off with the following items: a +0 hand
                  | crossbow {crossbow}, 14 poisoned darts {throwing}, a +0
                  | dagger {short}, a scroll of fog, a +0 robe; and the
                  | following spell memorised: Sting; and the following spells
                  | available to memorise: Wereblood, Ignite Poison
     0 | D:1      | Reached XP level 1. HP: 13/13 MP: 4/4
     0 | D:1      | magus.rc [v1.9.6]
    67 | D:1      | HP: 3/13 [kobold/+0 whip (5)]
    72 | D:1      | HP: 1/13 [rat (2)]
    73 | D:1      | Slain by a rat

Vanquished Creatures
  A ball python (D:1)
  An endoplasm (D:1)
  2 jackals (D:1)
4 creatures vanquished.

Table legend:
 A = Non-vault XP
 B = Vault XP
 C = Vault XP percentage of total XP
 D = Non-vault monster count
 E = Vault monster count
 F = Vault count percentage of total count
                 A         B        C        D         E       F
            +---------+---------+-------+---------+---------+-------
      Total |       8 |       0 |   0.0 |       4 |       0 |   0.0
            +---------+---------+-------+---------+---------+-------
        D:1 |       8 |       0 |   0.0 |       4 |       0 |   0.0
            +---------+---------+-------+---------+---------+-------

Illustrated notes

Table legend:
 A = Kills in this place as a percentage of kills in entire the game.
 B = Kills by you in this place as a percentage of kills by you in the entire game.
 C = Kills by friends in this place as a percentage of kills by friends in the entire game.
 D = Other kills in this place as a percentage of other kills in the entire game.
 E = Experience gained in this place as a percentage of experience gained in the entire game.
 F = Experience gained in this place divided by the number of levels of this place that you have seen.
                   A       B       C       D       E      F
               +-------+-------+-------+-------+-------+----------------------
         Total | 100.0 | 100.0 |   N/A |   N/A | 100.0 |   8.0
       Dungeon | 100.0 | 100.0 |   N/A |   N/A | 100.0 |   8.0
               +-------+-------+-------+-------+-------+----------------------

Table legend: (Time is in decaauts)
 A = Elapsed time spent in this place.
 B = Non-inter-level travel time spent in this place.
 C = Inter-level travel time spent in this place.
 D = Time resting spent in this place.
 E = Time spent auto-exploring this place.
 F = Levels seen in this place.
 G = Mean time per level.
                   A        B        C        D        E       F      G
               +--------+--------+--------+--------+--------+-----+--------+
         Total |     73 |     73 |      0 |      0 |     41 |   1 |   73.0 |
       Dungeon |     73 |     73 |      0 |      0 |     41 |   1 |   73.0 |
               +--------+--------+--------+--------+--------+-----+--------+

Top non-repeatable levels by time:
     D:1: 73 daAuts
